TOP OF THE 1ST |
Hudson Valley Renegades batting - Pitching for Staten Island Yankees : LHP Dustin Shaw
|
Pitching: LHP Dustin Shaw
|
|
Batting: LHB Jonathan Spino
|
0-0: Called Strike 0-1: Ball 1-1: SINGLE (Line Drive, 6M, EV 98.8 MPH)
|
Batting: SHB Josif Popovski
|
0-0: Ball Jonathan Spino steals 2nd base 1-0: Called Strike 1-1: Fly out, F6 (Popup, 6MD, EV 51.9 MPH)
|
Batting: SHB Joshua Jackson
|
0-0: Ball 1-0: Called Strike 1-1: Ball Jonathan Spino is caught stealing 3rd base 2-5 2-1: Ball 3-1: Ground out 4-3 (Groundball, 4, EV 87.5 MPH)
|
Top of the 1st over - 0 runs, 1 hit, 0 errors, 0 left on base; Hudson Valley 0 - Staten Island 0 |
BOTTOM OF THE 1ST |
Staten Island Yankees batting - Pitching for Hudson Valley Renegades : RHP Cameron Bianchi
|
Pitching: RHP Cameron Bianchi
|
|
Batting: RHB Norimoto Miyanishi
|
0-0: SINGLE (Line Drive, 89M, EV 97.5 MPH)
|
Batting: RHB Brad Wren
|
0-0: Ball 1-0: Called Strike 1-1: SINGLE (Groundball, 56S, EV 66.9 MPH) (infield hit) Norimoto Miyanishi to second
|
Batting: RHB Pat Pemberton
|
0-0: Foul Ball, location: 2F 0-1: Ball 1-1: Foul Ball, location: 2F 1-2: Strikes out swinging
|
Batting: SHB Tadaaki Kondo
|
0-0: Ball Balk! Norimoto Miyanishi to third Brad Wren to second 1-0: Foul Ball, location: 2F 1-1: Swinging Strike 1-2: 3-RUN HOME RUN (Flyball, 89XD, EV 106.9 MPH), Distance : 398 ft
|
Batting: LHB Mike Schermerhorn
|
0-0: Ball 1-0: Swinging Strike 1-1: Foul Ball, location: 2F 1-2: Ball 2-2: Foul Ball, location: 2F 2-2: Ground out 1-3 (Groundball, 13, EV 68.1 MPH)
|
Batting: SHB Adam Slade
|
0-0: Called Strike 0-1: Ball 1-1: Fly out, F7 (Flyball, 7, EV 85.6 MPH)
|
Bottom of the 1st over - 3 runs, 3 hits, 0 errors, 0 left on base; Hudson Valley 0 - Staten Island 3 |
TOP OF THE 2ND |
Hudson Valley Renegades batting - Pitching for Staten Island Yankees : LHP Dustin Shaw
|
Batting: RHB Joe Hartigan
|
0-0: Ball 1-0: Foul Ball, location: 2F 1-1: Foul Ball, location: 2F 1-2: Strikes out swinging
|
Batting: SHB Chris Lockart
|
0-0: Called Strike 0-1: SINGLE (Groundball, 56D, EV 104.4 MPH)
|
Batting: RHB Evan Chalarian
|
0-0: Ball 1-0: Ball Chris Lockart steals 2nd base (no throw) 2-0: Swinging Strike 2-1: Foul Ball, location: 2F 2-2: Ball 3-2: Ground out 5-3 (Groundball, 25, EV 83.8 MPH)
|
Batting: LHB Rocky Crowley
|
0-0: Ball 1-0: Ball 2-0: Foul Ball, location: 2F 2-1: Ground out 5-3 (Groundball, 5, EV 110.0 MPH)
|
Top of the 2nd over - 0 runs, 1 hit, 0 errors, 1 left on base; Hudson Valley 0 - Staten Island 3 |
BOTTOM OF THE 2ND |
Staten Island Yankees batting - Pitching for Hudson Valley Renegades : RHP Cameron Bianchi
|
Batting: RHB Jesus Ruiz
|
0-0: Fly out, F9 (Flyball, 9, EV 78.1 MPH)
|
Batting: RHB Daniel Underhay
|
0-0: Foul Ball, location: 2F 0-1: Swinging Strike 0-2: Fly out, F9 (Flyball, 89S, EV 91.2 MPH)
|
Batting: LHB Danny de Leon
|
0-0: Foul Ball, location: 2F 0-1: Fly out, F8 (Line Drive, 8RD, EV 103.8 MPH)
|
Bottom of the 2nd over - 0 runs, 0 hits, 0 errors, 0 left on base; Hudson Valley 0 - Staten Island 3 |
TOP OF THE 3RD |
Hudson Valley Renegades batting - Pitching for Staten Island Yankees : LHP Dustin Shaw
|
Batting: LHB Helmut Steggall
|
0-0: Ground out U3 (Groundball, 34, EV 89.4 MPH)
|
Batting: RHB Mark Richert
|
0-0: Called Strike 0-1: Swinging Strike 0-2: Ball 1-2: Foul Ball, location: 2F 1-2: Foul Ball, location: 2F 1-2: DOUBLE (Line Drive, 5D, EV 101.9 MPH)
|
Batting: LHB Jonathan Spino
|
0-0: Called Strike 0-1: SINGLE (Groundball, 6S, EV 65.6 MPH) (infield hit) Mark Richert to third
|
Batting: SHB Josif Popovski
|
0-0: Called Strike 0-1: Ball 1-1: Ball 2-1: Ball 3-1: Swinging Strike 3-2: SINGLE (Groundball, 4MD, EV 106.9 MPH) Mark Richert scores Jonathan Spino to second
|
Batting: SHB Joshua Jackson
|
0-0: Called Strike 0-1: Called Strike 0-2: Foul Ball, location: 2F 0-2: Foul Ball, location: 2F 0-2: Ball Wild Pitch! Jonathan Spino to third Josif Popovski to second 1-2: Fly out, F7 (Flyball, 7LMF, EV 87.5 MPH)
|
Batting: RHB Joe Hartigan
|
0-0: Ball 1-0: Hit by Pitch
|
Batting: SHB Chris Lockart
|
0-0: Ball 1-0: Foul Ball, location: 2F 1-1: Foul Ball, location: 2F 1-2: Foul Ball, location: 2F 1-2: Strikes out swinging
|
Top of the 3rd over - 1 run, 3 hits, 0 errors, 3 left on base; Hudson Valley 1 - Staten Island 3 |
BOTTOM OF THE 3RD |
Staten Island Yankees batting - Pitching for Hudson Valley Renegades : RHP Cameron Bianchi
|
Batting: RHB Norimoto Miyanishi
|
0-0: Ball 1-0: Called Strike 1-1: Called Strike 1-2: Foul Ball, location: 2F 1-2: SINGLE (Line Drive, 78S, EV 85.6 MPH)
|
Batting: RHB Brad Wren
|
0-0: Ball 1-0: Ball Passed Ball! Norimoto Miyanishi to second 2-0: Foul Ball, location: 2F 2-1: Foul Ball, location: 2F 2-2: Ground out 4-3 (Groundball, 4, EV 98.1 MPH) Norimoto Miyanishi to third
|
Batting: RHB Pat Pemberton
|
0-0: Ball 1-0: Called Strike 1-1: Called Strike 1-2: Foul Ball, location: 2F 1-2: Strikes out swinging
|
Batting: SHB Tadaaki Kondo
|
0-0: Foul Ball, location: 2F 0-1: SINGLE (Line Drive, 8LS, EV 100.0 MPH) Norimoto Miyanishi scores
|
Batting: LHB Mike Schermerhorn
|
0-0: Ball 1-0: SINGLE (Groundball, 4D, EV 94.4 MPH) Tadaaki Kondo to second Runner from 2nd tries for 3rd, SAFE, no throw by RF
|
Batting: SHB Adam Slade
|
0-0: SINGLE (Flyball, 6MD, EV 93.1 MPH) Tadaaki Kondo scores Mike Schermerhorn to second Runner from 2nd tries for 3rd, OUT! 8-5
|
Bottom of the 3rd over - 2 runs, 4 hits, 0 errors, 1 left on base; Hudson Valley 1 - Staten Island 5 |
TOP OF THE 4TH |
Hudson Valley Renegades batting - Pitching for Staten Island Yankees : LHP Dustin Shaw
|
Batting: RHB Evan Chalarian
|
0-0: Ball 1-0: Ball 2-0: Ball 3-0: Called Strike 3-1: Base on Balls
|
Batting: LHB Rocky Crowley
|
0-0: Called Strike 0-1: Ball 1-1: Ball 2-1: Ball 3-1: Base on Balls Evan Chalarian to second
|
Batting: LHB Helmut Steggall
|
0-0: Ball 1-0: Called Strike 1-1: Fly out, F8 (Flyball, 8RXD, EV 97.5 MPH) Runner from 2nd tags up, SAFE at 3rd, no throw by CF
|
Batting: RHB Mark Richert
|
0-0: Ball 1-0: Foul Ball, location: 2F 1-1: Grounds into double play, 4-6-3 (Groundball, 4, EV 85.6 MPH)
|
Top of the 4th over - 0 runs, 0 hits, 0 errors, 1 left on base; Hudson Valley 1 - Staten Island 5 |
BOTTOM OF THE 4TH |
Staten Island Yankees batting - Pitching for Hudson Valley Renegades : RHP Cameron Bianchi
|
Batting: RHB Jesus Ruiz
|
0-0: Fly out, F8 (Flyball, 89M, EV 83.1 MPH)
|
Batting: RHB Daniel Underhay
|
0-0: Ground out 5-3 (Groundball, 56S, EV 61.9 MPH)
|
Batting: LHB Danny de Leon
|
0-0: Called Strike 0-1: Ball 1-1: Fly out, F5 (Popup, 56S, EV 73.8 MPH)
|
Bottom of the 4th over - 0 runs, 0 hits, 0 errors, 0 left on base; Hudson Valley 1 - Staten Island 5 |
TOP OF THE 5TH |
Hudson Valley Renegades batting - Pitching for Staten Island Yankees : LHP Dustin Shaw
|
Batting: LHB Jonathan Spino
|
0-0: Ball 1-0: Foul Ball, location: 2F 1-1: Ball 2-1: Called Strike 2-2: Ball 3-2: Fly out, F8 (Flyball, 8RXD, EV 93.1 MPH)
|
Batting: SHB Josif Popovski
|
0-0: Ball 1-0: Foul Ball, location: 2F 1-1: Ground out U3 (Groundball, 34, EV 84.4 MPH)
|
Batting: SHB Joshua Jackson
|
0-0: Ball 1-0: Ground out 6-3 (Groundball, 6, EV 86.9 MPH)
|
Top of the 5th over - 0 runs, 0 hits, 0 errors, 0 left on base; Hudson Valley 1 - Staten Island 5 |
BOTTOM OF THE 5TH |
Staten Island Yankees batting - Pitching for Hudson Valley Renegades : RHP Cameron Bianchi
|
Batting: RHB Norimoto Miyanishi
|
0-0: Foul Ball, location: 2F 0-1: Ball 1-1: Fly out, F9 (Line Drive, 89M, EV 109.4 MPH)
|
Batting: RHB Brad Wren
|
0-0: Called Strike 0-1: Called Strike 0-2: Strikes out looking
|
Batting: RHB Pat Pemberton
|
0-0: Ball 1-0: Ball 2-0: Ball 3-0: Foul Ball, location: 2F 3-1: Ground out 5-3 (Groundball, 56, EV 88.1 MPH)
|
Bottom of the 5th over - 0 runs, 0 hits, 0 errors, 0 left on base; Hudson Valley 1 - Staten Island 5 |
TOP OF THE 6TH |
Hudson Valley Renegades batting - Pitching for Staten Island Yankees : LHP Dustin Shaw
|
Pitching: LHP Colin Scott
|
|
Batting: RHB Joe Hartigan
|
0-0: SINGLE (Line Drive, 78S, EV 106.2 MPH)
|
Batting: SHB Chris Lockart
|
0-0: Ball 1-0: Foul Ball, location: 2F 1-1: Called Strike 1-2: Ball 2-2: Ball 3-2: Strikes out swinging
|
Batting: RHB Evan Chalarian
|
0-0: Foul Ball, location: 2F 0-1: Called Strike 0-2: Ball 1-2: Fielders Choice at 2nd, 5-4 (Groundball, 56S, EV 90.0 MPH)
|
Batting: LHB Rocky Crowley
|
0-0: Called Strike 0-1: Ball 1-1: Ball 2-1: Swinging Strike 2-2: Strikes out swinging
|
Top of the 6th over - 0 runs, 1 hit, 0 errors, 1 left on base; Hudson Valley 1 - Staten Island 5 |
BOTTOM OF THE 6TH |
Staten Island Yankees batting - Pitching for Hudson Valley Renegades : RHP Cameron Bianchi
|
Batting: SHB Tadaaki Kondo
|
0-0: Foul Ball, location: 2F 0-1: Foul Ball, location: 2F 0-2: Ball 1-2: Foul Ball, location: 2F 1-2: Ball 2-2: Strikes out swinging
|
Batting: LHB Mike Schermerhorn
|
0-0: Ball 1-0: Ball 2-0: Foul Ball, location: 2F 2-1: Foul Ball, location: 2F 2-2: Foul Ball, location: 2F 2-2: Ball 3-2: Foul Ball, location: 2F 3-2: Foul Ball, location: 2F 3-2: Base on Balls
|
Pitching: RHP Chris Bullerman
|
|
Batting: SHB Adam Slade
|
0-0: Ball 1-0: DOUBLE (Line Drive, 5D, EV 101.2 MPH) Mike Schermerhorn to third Runner from 3rd tries for Home, throw by LF and OUT! 7-6-2 Adam Slade to third
|
Batting: RHB Jesus Ruiz
|
0-0: Ball 1-0: Ball 2-0: Ball 3-0: Foul Ball, location: 2F 3-1: Called Strike 3-2: Foul Ball, location: 2F 3-2: Foul Ball, location: 2F 3-2: Strikes out swinging
|
Bottom of the 6th over - 0 runs, 1 hit, 0 errors, 1 left on base; Hudson Valley 1 - Staten Island 5 |
TOP OF THE 7TH |
Hudson Valley Renegades batting - Pitching for Staten Island Yankees : LHP Colin Scott
|
Batting: LHB Helmut Steggall
|
0-0: Ball 1-0: Called Strike 1-1: Ball 2-1: Swinging Strike 2-2: Foul Ball, location: 2F 2-2: Foul Ball, location: 2F 2-2: Foul Ball, location: 2F 2-2: Strikes out looking
|
Pitching: RHP Nick Peters
|
|
Batting: RHB Mark Richert
|
0-0: Ball 1-0: Foul Ball, location: 2F 1-1: Called Strike 1-2: DOUBLE (Groundball, 5L, EV 101.2 MPH)
|
Batting: LHB Jonathan Spino
|
0-0: Called Strike 0-1: Ball 1-1: Ball Wild Pitch! Mark Richert to third 2-1: Called Strike 2-2: Ball Wild Pitch! Mark Richert scores 3-2: Base on Balls
|
Batting: SHB Josif Popovski
|
0-0: Ball 1-0: Ball Jonathan Spino steals 2nd base 2-0: Foul Ball, location: 2F 2-1: Foul Ball, location: 2F 2-2: Ball 3-2: SINGLE (Line Drive, 7S, EV 101.9 MPH) Jonathan Spino to third
|
Batting: SHB Joshua Jackson
|
0-0: Called Strike Josif Popovski is caught stealing 2nd base 2-6 0-1: Foul Ball, location: 2F 0-2: Ball 1-2: Foul Ball, location: 2F 1-2: Ball 2-2: Ball 3-2: Strikes out looking
|
Top of the 7th over - 1 run, 2 hits, 0 errors, 1 left on base; Hudson Valley 2 - Staten Island 5 |
BOTTOM OF THE 7TH |
Staten Island Yankees batting - Pitching for Hudson Valley Renegades : RHP Chris Bullerman
|
Batting: RHB Daniel Underhay
|
0-0: Ground out 6-3 (Groundball, 6, EV 97.5 MPH)
|
Batting: LHB Danny de Leon
|
0-0: Ball 1-0: SINGLE (Flyball, 8LS, EV 93.8 MPH)
|
Batting: RHB Norimoto Miyanishi
|
0-0: Foul Ball, location: 2F 0-1: Ball 1-1: Ball 2-1: Foul Ball, location: 2F 2-2: Grounds into double play, 6-4-3 (Groundball, 6, EV 84.4 MPH)
|
Bottom of the 7th over - 0 runs, 1 hit, 0 errors, 0 left on base; Hudson Valley 2 - Staten Island 5 |
TOP OF THE 8TH |
Hudson Valley Renegades batting - Pitching for Staten Island Yankees : RHP Nick Peters
|
Pitching: RHP Nate LaCava
|
|
Batting: RHB Alex Koral
|
0-0: Ball 1-0: Called Strike 1-1: Called Strike 1-2: Strikes out swinging
|
Batting: SHB Chris Lockart
|
0-0: Ball 1-0: Called Strike 1-1: Ball 2-1: SINGLE (Groundball, 6D, EV 104.4 MPH)
|
Batting: RHB Evan Chalarian
|
0-0: Fly out, F8 (Line Drive, 8LM, EV 96.9 MPH)
|
Batting: LHB Rocky Crowley
|
0-0: Ball 1-0: 2-RUN HOME RUN (Flyball, 9D, EV 99.4 MPH), Distance : 379 ft
|
Batting: LHB Helmut Steggall
|
0-0: Foul Ball, location: 2F 0-1: Ball 1-1: Ground out 6-3 (Groundball, 56, EV 81.2 MPH)
|
Top of the 8th over - 2 runs, 2 hits, 0 errors, 0 left on base; Hudson Valley 4 - Staten Island 5 |
BOTTOM OF THE 8TH |
Staten Island Yankees batting - Pitching for Hudson Valley Renegades : RHP Chris Bullerman
|
Batting: RHB Brad Wren
|
0-0: Ball 1-0: Called Strike 1-1: Ball 2-1: Ball 3-1: Foul Ball, location: 2F 3-2: Foul Ball, location: 2F 3-2: Ground out 4-3 (Groundball, 4, EV 88.8 MPH)
|
Batting: RHB Pat Pemberton
|
0-0: Ball 1-0: Called Strike 1-1: Ball 2-1: Foul Ball, location: 2F 2-2: Foul Ball, location: 2F 2-2: Fly out, F4 (Flyball, 4D, EV 96.2 MPH)
|
Batting: SHB Tadaaki Kondo
|
0-0: Called Strike 0-1: Foul Ball, location: 2F 0-2: Ball 1-2: Ball 2-2: Strikes out swinging
|
Bottom of the 8th over - 0 runs, 0 hits, 0 errors, 0 left on base; Hudson Valley 4 - Staten Island 5 |
TOP OF THE 9TH |
Hudson Valley Renegades batting - Pitching for Staten Island Yankees : RHP Nate LaCava
|
Now in RF: Jon Pierce
|
|
Batting: RHB Mark Richert
|
0-0: Ball 1-0: Ball 2-0: Foul Ball, location: 2F 2-1: Ball 3-1: Base on Balls
|
Pinch Runner at 1st Dan Hunt:
|
|
Batting: LHB Jonathan Spino
|
0-0: Sac Bunt to 15S - play at first, batter OUT! 1-3 Dan Hunt to second
|
Batting: SHB Josif Popovski
|
0-0: Ball 1-0: SINGLE (Line Drive, 89M, EV 86.2 MPH) Dan Hunt to third Runner from 3rd tries for Home, SAFE, throw by RF to home
|
Batting: SHB Joshua Jackson
|
0-0: Ball Josif Popovski steals 2nd base 1-0: Ball Josif Popovski steals 3rd, throwing error, E2 Josif Popovski scores 2-0: Ball 3-0: Called Strike 3-1: Base on Balls
|
Batting: RHB Alex Koral
|
0-0: Ball 1-0: Ball 2-0: Foul Ball, location: 2F 2-1: Called Strike 2-2: Ball Joshua Jackson is caught stealing 2nd base 2-4 3-2: Foul Ball, location: 2F 3-2: Foul Ball, location: 2F 3-2: Strikes out swinging
|
Top of the 9th over - 2 runs, 1 hit, 1 error, 0 left on base; Hudson Valley 6 - Staten Island 5 |
BOTTOM OF THE 9TH |
Staten Island Yankees batting - Pitching for Hudson Valley Renegades : RHP Chris Bullerman
|
Pitching: LHP Matt Bayer
|
|
Now at 1B: Alex Genao
|
|
Now at 2B: Jesus Carrillo
|
|
Batting: LHB Mike Schermerhorn
|
0-0: Ball 1-0: Fly out, F7 (Flyball, 7LD, EV 103.1 MPH)
|
Batting: SHB Adam Slade
|
0-0: Ball 1-0: Ground out 6-3 (Groundball, 56S, EV 77.5 MPH)
|
Batting: RHB Jesus Ruiz
|
0-0: Ground out 4-3 (Groundball, 4, EV 98.8 MPH)
|
Bottom of the 9th over - 0 runs, 0 hits, 0 errors, 0 left on base; Hudson Valley 6 - Staten Island 5 |
|